 Dungeon Crawl Stone Soup version 0.26-a0-1222-g14533b3512 (webtiles) character file.

Game seed: 8949971117325911530

51 wythoutpain the Chopper (level 3, -7/34 HPs)
             Began as a Minotaur Berserker on Jan 1, 2021.
             Was a Believer of Trog.
             Mangled by Sigmund
             ... wielding a cursed -1 scythe
              (12 damage)
             ... on level 2 of the Dungeon.
             The game lasted 00:03:16 (1727 turns).

wythoutpain the Chopper (Minotaur Berserker)        Turns: 1727, Time: 00:03:19

Health: -7/34      AC:  2    Str: 21    XL:     3   Next: 57%
Magic:  2/2        EV: 12    Int:  4    God:    Trog [**....]
Gold:   130        SH:  0    Dex: 10    Spells: 2/2 levels left

rFire    . . .     SeeInvis .   a - +0 hand axe
rCold    . . .     Faith    .   (no shield)
rNeg     . . .     Spirit   .   b - +0 animal skin
rPois    +         Reflect  .   (helmet restricted)
rElec    .         Harm     +   g - scarf {harm}
rCorr    .         Rampage  .   (no gloves)
Will     .....                  (no boots)
Stlth    +.........             d - amulet of inaccuracy (curse)
HPRegen  0.11/turn              h - ring of poison resistance
MPRegen  0.08/turn              (no ring)

@: no status effects
A: retaliatory headbutt, horns 2
a: Renounce Religion, Berserk, Trog's Hand


You were on level 2 of the Dungeon.
You worshipped Trog.
Trog was pleased with you.
You visited 1 branch of the dungeon, and saw 2 of its levels.

You collected 130 gold pieces.

Inventory:

Hand Weapons
 a - a +0 hand axe (weapon)
 k - a +0 hunting sling
Missiles
 e - 12 sling bullets
Armour
 b - a +0 animal skin (worn)
 g - a scarf of harm (worn)
Jewellery
 d - a cursed amulet of inaccuracy (around neck)
 h - a ring of poison resistance (left hand)
 i - an uncursed amulet of the acrobat {unknown}
Scrolls
 j - 3 scrolls of remove curse {unknown}
 l - a scroll of teleportation {unknown}
 n - a scroll of fog {unknown}
Potions
 c - a potion of ambrosia
 f - a potion of flight {unknown}
 m - a potion of haste {unknown}
 o - a potion of attraction {unknown}


   Skills:
 + Level 4.3 Fighting
 + Level 4.4 Axes
 + Level 2.7 Armour
 + Level 2.7 Dodging


You had 2 spell levels left.
You didn't know any spells.
Your spell library was empty.

Dungeon Overview and Level Annotations

Branches:
Dungeon (2/15)

Altars:

Annotations:
D:2 Sigmund


Innate Abilities, Weirdness & Mutations

You reflexively headbutt those who attack you in melee.
You have a pair of horns on your head.


Message History

Sigmund points at himself and mumbles some strange words.
Sigmund flickers and vanishes!
Deactivating autopickup; reactivate with Ctrl-A.
No target in view!
There is a strange disturbance nearby!
You see here 11 gold pieces.
Something hits you!
You miss something. You headbutt something. Something barely misses you.
You barely miss something. Your headbutt misses something. Something hits you!
You miss something. You headbutt something! You miss something.
Something hits you but does no damage.
You miss something. Something hits you but does no damage.
You hit something. You miss something.
You hear some strange, mumbled words.
A puff of flame appears from out of thin air!
The puff of flame hits you!
* * * LOW HITPOINT WARNING * * *
Something hits you!
You die...

#.####### #.......#
#.#####.# #.#
#.####### #.#
#........
#.#############
#..............
#############..#.....
#..{@$.........#.....
#.#######.####.#.....
#.# #.#..... #.#
#.#.....
#.####.......
#......#.....
#...........)
#......#...##
#.####.#...##


There were no monsters in sight!

Vanquished Creatures
  An ooze (D:2)
  3 dart slugs
  3 leopard geckos
  A ball python (D:1)
  7 bats
  3 giant cockroaches
  3 goblins (D:1)
  5 hobgoblins
  A frilled lizard (D:2)
  5 kobolds
  3 rats
35 creatures vanquished.

Notes
Turn   | Place    | Note
-------+----------+-------------------------------------------
     0 | D:1      | wythoutpain the Minotaur Berserker began the quest for the
                  | Orb.
     0 | D:1      | Reached XP level 1. HP: 19/19 MP: 0/0
    68 | D:1      | Reached XP level 2. HP: 9/27 MP: 1/1
  1179 | D:2      | Reached XP level 3. HP: 33/33 MP: 2/2
  1391 | D:2      | Reached ** piety under Trog
  1716 | D:2      | Noticed Sigmund
  1727 | D:2      | Mangled by Sigmund

Illustrated notes

Levels and vault maps discovered:
D:1:      nicolae_arrival_somewhat_less_tricky_arrival, layout_loops_ring
D:2:      layout_basic, chequers_serial_rivers_large_a, uniq_sigmund

Skill      XL: |  1  2 |
---------------+-------+-----
Axes           | 4 |  4.4
Fighting       | 4 |  4.3
Armour         | |  2.7
Dodging        | |  2.7

Action                   || total
-------------------------++-------
Melee: Hand axe          ||    82
       Headbutt          ||     9
  Use: Scroll            ||     2
Armor: Animal skin       ||    17
Dodge: Dodged            ||    50

Table legend: (Time is in decaauts)
 A = Elapsed time spent in this place.
 B = Non-inter-level travel time spent in this place.
 C = Inter-level travel time spent in this place.
 D = Time resting spent in this place.
 E = Time spent auto-exploring this place.
 F = Levels seen in this place.
 G = Mean time per level.
                   A        B        C        D        E       F      G
               +--------+--------+--------+--------+--------+-----+--------+
         Total |   1736 |   1695 |     41 |      0 |   1499 |   2 |  868.0 |
       Dungeon |   1736 |   1695 |     41 |      0 |   1499 |   2 |  868.0 |
               +--------+--------+--------+--------+--------+-----+--------+

Top non-repeatable levels by time:
     D:1: 1126 daAuts
     D:2: 610 daAuts
